[Event "European Online Club-ch-A 2021"]
[Site "Online"]
[Date "2021.03.27"]
[Round "9.15"]
[White "Emir, Doruk"]
[Black "Timofeev, Artyom"]
[Result "0-1"]
[ECO "A05"]
[WhiteElo "1852"]
[BlackElo "2594"]
[Annotator "ChessBase"]
[PlyCount "82"]
[EventDate "2021.03.27"]
[EventType "team-tourn"]
[EventCountry "NET"]
[SourceTitle "playchess.com"]
[Source "ChessBase"]
[SourceQuality "1"]
[TimeControl "900+5"]

1. Nf3 Nf6 2. g3 g6 3. Bg2 Bg7 4. O-O O-O 5. d3 c5 6. e4 Nc6 7. Nfd2 Rb8 8. a4 b6 9. Nc3 Bb7 10. f4 d6 11. Nc4 Qd7 12. f5 Ne5 13. Nxe5 dxe5 14. g4 Rbd8 15. Qf3 c4 16. dxc4 Qd4+ 17. Be3 Qxc4 18. h4 Qb4 19. Rab1 Rc8 20. g5 Nh5 21. Bd2 Nf4 22. Rfd1 Qc4 23. Bf1 Qc7 24. fxg6 hxg6 25. Rbc1 a6 26. Bxf4 exf4 27. Rd3 b5 28. Bh3 Rcd8 29. Rcd1 bxa4 30. h5 Rxd3 31. cxd3 a3 32. hxg6 axb2 33. Qh5 Rd8 34. gxf7+ Kf8 35. Qh7 Qb6+ 36. Kh1 Kxf7 37. Bg4 Rh8 38. Bh5+ Kf8 39. Qf5+ Bf6 40. gxf6 Qxf6 41. Qg4 Qe5 0-1

[Event "European Online Club-ch-A 2021"]
[Site "Online"]
[Date "2021.03.27"]
[Round "9.16"]
[White "Sharafiev, Azat"]
[Black "Tinmaz, Kerem"]
[Result "1-0"]
[ECO "D16"]
[WhiteElo "2432"]
[BlackElo "1614"]
[Annotator "NA"]
[PlyCount "75"]
[EventDate "2021.03.27"]
[EventType "team-tourn"]
[EventCountry "NET"]
[SourceTitle "playchess.com"]
[Source "ChessBase"]
[SourceQuality "1"]
[TimeControl "900+5"]

1. d4 d5 2. Nf3 Nf6 3. c4 c6 4. Nc3 dxc4 5. a4 a5 6. e4 Bg4 7. Bxc4 e6 8. Be3 Bb4 9. h3 Bh5 10. Bd3 Nbd7 11. O-O h6 12. Ne2 Bxf3 13. gxf3 Nh5 14. Ng3 Qh4 15. Nxh5 Qxh5 16. Kh2 Nf6 17. f4 Qh4 18. Qf3 g5 19. Qg3 Qh5 20. f5 exf5 21. Qe5+ Be7 22. Qxf5 Qh4 23. f3 Rg8 24. Bf2 Qf4+ 25. Qxf4 gxf4 26. Rg1 O-O-O 27. Bc4 Rdf8 28. Rxg8 Nxg8 29. Rg1 Nf6 30. Rg7 Kd7 31. Bxf7 b5 32. axb5 cxb5 33. e5 Ne8 34. Bxe8+ Kxe8 35. d5 Rf5 36. d6 Bf8 37. d7+ Kd8 38. Bb6# 1-0

[Event "European Online Club-ch-A 2021"]
[Site "Online"]
[Date "2021.03.27"]
[Round "9.18"]
[White "Bacrot, Etienne"]
[Black "Nemec, Jachym"]
[Result "1-0"]
[ECO "C00"]
[WhiteElo "2678"]
[BlackElo "2229"]
[Annotator "ChessBase"]
[PlyCount "59"]
[EventDate "2021.03.27"]
[EventType "team-tourn"]
[EventCountry "NET"]
[SourceTitle "playchess.com"]
[Source "ChessBase"]
[SourceQuality "1"]
[TimeControl "900+5"]

1. e4 c5 2. Nf3 Nc6 3. g3 Nf6 4. d3 e6 5. Bg2 d5 6. Nbd2 Be7 7. O-O b5 8. Re1 a5 9. e5 Nd7 10. Nf1 Ba6 11. h4 b4 12. N1h2 Qc7 13. Bf4 h6 14. Ng4 O-O-O 15. a3 Kb7 16. axb4 axb4 17. c3 Ra8 18. Qc2 Nb6 19. h5 c4 20. dxc4 Nxc4 21. Ne3 Bb5 22. Nxc4 Bxc4 23. Nd2 Na5 24. b3 Bb5 25. c4 Rhd8 26. Rec1 Bc6 27. cxd5 exd5 28. e6 Bd6 29. e7 Rd7 30. Rxa5 1-0

[Event "European Online Club-ch-A 2021"]
[Site "Online"]
[Date "2021.03.27"]
[Round "9.20"]
[White "Naiditsch, Arkadij"]
[Black "Smolik, Jachym"]
[Result "1-0"]
[ECO "B14"]
[WhiteElo "2649"]
[BlackElo "2073"]
[Annotator "ChessBase"]
[PlyCount "63"]
[EventDate "2021.03.27"]
[EventType "team-tourn"]
[EventCountry "NET"]
[SourceTitle "playchess.com"]
[Source "ChessBase"]
[SourceQuality "1"]
[TimeControl "900+5"]

1. e4 c6 2. d4 d5 3. exd5 cxd5 4. c4 Nf6 5. Nc3 g6 6. Qb3 Bg7 7. cxd5 O-O 8. Nge2 Nbd7 9. g3 Nb6 10. Bg2 Bg4 11. Nf4 Rc8 12. O-O Ne8 13. Re1 Nd6 14. Be3 Nbc4 15. Rac1 a6 16. a3 Qb6 17. Qxb6 Nxb6 18. h3 Bf5 19. g4 Bd7 20. Nd3 Nbc4 21. Bg5 f6 22. Bf4 Kf7 23. Nc5 Rfd8 24. Re2 Bb5 25. Rce1 Bf8 26. a4 Bd7 27. b3 Na5 28. N3e4 b6 29. Ne6 Bxe6 30. dxe6+ Kxe6 31. Nxd6+ Kd7 32. Nxc8 1-0